 Dungeon Crawl Stone Soup version 0.31-a0-339-gda1cbd555d (webtiles) character file.

Game seed: 11940150619046775577

139 lunkers the Insei (level 5, -1/40 HPs)
             Began as a Meteoran Shapeshifter on July 21, 2023.
             Slain by an orc
             ... wielding a +0 mace of venom
              (4 damage)
             ... on level 3 of the Dungeon.
             The game lasted 00:01:19 (783 turns).

lunkers the Insei (Meteoran Shapeshifter)            Turns: 783, Time: 00:01:20

Health: -1/40      AC:  2    Str: 16    XL:     5   Next: 75%
Magic:  6/6        EV: 13    Int:  9    God:
Gold:   9          SH:  0    Dex: 17    Spells: 4/4 levels left

rFire   . .          .
                       - Unarmed
rCold   . . .        (no shield)
rNeg    . . .        a - +0 animal skin
rPois   .            (helmet currently unavailable)
rElec   .            (cloak currently unavailable)
rCorr   .            (gloves currently unavailable)
SInv    .            (boots currently unavailable)
Will    .....        (no amulet)
Stlth   +            (no ring)
HPRegen 0.26/turn    (no ring)
MPRegen 0.10/turn

%: no passive effects
@: lethally poisoned (-1 -> -13), beast-form, glowing
A: beast (slay +2), sense surroundings 1, otherworldly, glowing, explore regen
a: Begin Untransformation


You were on level 3 of the Dungeon.
You were a hulking beast.
You visited 1 branch of the dungeon, and saw 3 of its levels.

You collected 9 gold pieces.

Inventory:

Armour
 a - a +0 animal skin (worn)
Talismans
 c - a beast talisman
Scrolls
 d - a scroll of identify {unknown}
 f - a scroll of brand weapon {unknown}
 h - a scroll of revelation {unknown}
Potions
 b - a potion of lignification
 e - a potion of degeneration {unknown}
 g - a potion of brilliance {unknown}


   Skills:
 - Level 1.1 Fighting
 - Level 2.4 Dodging
 + Level 6.9 Unarmed Combat
 - Level 3.6 Shapeshifting


You had 4 spell levels left.
You didn't know any spells.
Your spell library was empty.

Dungeon Overview and Level Annotations

Branches:
Dungeon (3/15) Zot: 1018

Altars:

Shops:
D:1 ?


Innate Abilities, Weirdness & Mutations

You are a hulking beast.
Your limbs bulge with bestial killing power. (Slay +2)
You passively map a small area around you.
You are easily found by Zot.
You glow in the dark.
You regain HP and MP as you explore.


Message History

The orc hits you with a +0 whip.
* * * LOW HITPOINT WARNING * * *
You bump into the rock wall.
Something hits you.
* * * LOW HITPOINT WARNING * * *
The orc closely misses you.
Unknown command.
You miss something. Something hits you but does no damage. The orc misses you.
Unknown command.
Unknown command.
You hear some strange, mumbled words.
A magic dart appears from out of thin air!
The magic dart hits you!
* * * LOW HITPOINT WARNING * * *
Unknown command.
You barely miss the orc.
The orc is heavily wounded.
Something hits you.
* * * LOW HITPOINT WARNING * * *
Unknown command.
You hit the orc.
You kill the orc!
Something hits you but does no damage.
Unknown command.
Unknown command.
Unknown command.
You feel less confused.
Unknown command.
You barely miss something. You hit something.
You hit something but do no damage. Something barely misses you.
The orc hits you with a +0 mace of venom.
* * * LOW HITPOINT WARNING * * *
You are lethally poisoned!
Unknown command.
You closely miss the orc.
* * * LOW HITPOINT WARNING * * *
You feel very sick. Something completely misses you.
The orc hits you with a +0 mace of venom.
You die...

#..####...........#
#.........######'####
#.........'..........
#.........######.####
#.........# #.....
#.>.......# ######
#.#.......## ,
#....###...# , *
####h# ###.##
#.o)###....## *
#...))).....#
#...###...#.## ,#
**##### #...#..###.#
, , ..###o.........#
, ......o......###
.............# ,
...............#*


You could see an orc.

Vanquished Creatures
  Jessica (D:3)
  Natasha (twice) (D:3)
  2 adders
  A worm (D:3)
  2 dart slugs
  3 orcs (D:3)
  5 endoplasms
  5 goblins
  2 hobgoblins
  3 kobolds
  A quokka (D:2)
  2 ball pythons
  4 bats
  5 rats
38 creatures vanquished.

Notes
Turn   | Place    | Note
-------+----------+-------------------------------------------
     0 | D:1      | lunkers the Meteoran Shapeshifter began the quest for the
                  | Orb.
     0 | D:1      | Reached XP level 1. HP: 16/16 MP: 2/2
    67 | D:1      | Reached skill level 4 in Unarmed Combat
    75 | D:1      | Reached XP level 2. HP: 23/23 MP: 3/3
   110 | D:1      | Found a faded altar of an unknown god.
   146 | D:1      | Found Opimn's Magic Scroll Shop.
   316 | D:2      | Reached XP level 3. HP: 28/28 MP: 4/4
   434 | D:2      | Reached skill level 5 in Unarmed Combat
   609 | D:3      | Reached XP level 4. HP: 35/35 MP: 5/5
   628 | D:3      | Noticed Jessica
   629 | D:3      | Noticed Natasha
   635 | D:3      | Killed Natasha
   636 | D:3      | Reached skill level 6 in Unarmed Combat
   638 | D:3      | Killed Jessica
   639 | D:3      | Reached XP level 5. HP: 29/40 MP: 6/6
   700 | D:3      | Noticed Natasha
   703 | D:3      | Killed Natasha
   783 | D:3      | Slain by an orc

Illustrated notes

Levels and vault maps discovered:
D:1:      elethiomel_arrival_fortress_basement, layout_basic,
          hellmonk_ecumenical_altar_heavens_door, serial_shops, shop,
          minmay_pentomino_z4
D:2:      layout_loops_ring, minmay_misc_feat_tiny
D:3:      layout_basic, uniq_jessica, uniq_natasha, uniq_grinder

Skill      XL: |  1  2  3  4 |
---------------+-------------+-----
Unarmed Combat | 4 5 6 |  6.9
Fighting       | |  1.1
Dodging        | |  2.4
Shapeshifting  | |  3.6

Action                     |  1- 3 |  4- 6 || total
---------------------------+-------+-------++-------
  Melee: Unarmed           |    48 |    29 ||    77
         Punch             |     1 |     2 ||     3
 Armour: Animal skin       |     3 |     3 ||     6
  Dodge: Dodged            |    26 |    15 ||    41

Table legend: (Time is in decaauts)
 A = Elapsed time spent in this place.
 B = Non-inter-level travel time spent in this place.
 C = Inter-level travel time spent in this place.
 D = Time resting spent in this place.
 E = Time spent auto-exploring this place.
 F = Levels seen in this place.
 G = Mean time per level.
                   A        B        C        D        E       F      G
               +--------+--------+--------+--------+--------+-----+--------+
         Total |    780 |    770 |     10 |      0 |    549 |   3 |  260.0 |
       Dungeon |    780 |    770 |     10 |      0 |    549 |   3 |  260.0 |
               +--------+--------+--------+--------+--------+-----+--------+

Top non-repeatable levels by time:
     D:2: 304 daAuts
     D:1: 296 daAuts
     D:3: 179 daAuts
